AoeStats
← Zero aspettative

Arena

510168666Analyzed
4v4 RM · 3d ago on Sep 29, 2026· 47m 14s· 8 players
Game mode
Random Map
Map size
Large (8 player)
Population
200
Speed
Normal
Resources
Standard
Victory
Conquest
Starting age
Dark Age
Ending age
Imperial Age
RankedLock teamsTeams togetherTeam positionsShared explorationLock speedFull tech treeHidden civsTurbo modeCheats
Victory
Defeat
🇮🇹 Saracens · Italy
1225
+13
🇮🇹 Varangians · Italy
1202
+14
🇫🇷 Spanish · France
1201
+14
🇮🇹 Italians · Italy
1201
+14
🇺🇸 Poles · United States
1206
-15
🇦🇷 Celts · Argentina
1170
-14
🇳🇱 Spanish · Netherlands
1162
-14
🇺🇸 Bohemians · United States
1115
-12
petey_hs
10:44 Feudal Age
15:16 Castle Age
13:22 Double-Bit Axe
13:46 Horse Collar
24:59 Loom
30:14 Heavy Plow
31:40 Scale Mail Armor
31:51 Forging
34:05 Forging
LuchooOo
10:41 Feudal Age
14:35 Castle Age
12:32 Double-Bit Axe
13:18 Loom
13:16 Horse Collar
14:48 Man-at-Arms
15:47 Scale Mail Armor
21:26 Stone Mining
22:27 Town Watch
22:18 Long Swordsman
24:55 Forging
25:31 Fletching
26:28 Chain Mail Armor
30:41 Imperial Age
28:49 Bow Saw
29:42 Iron Casting
29:16 Heavy Plow
29:12 Gold Mining
30:26 Wheelbarrow
30:45 Bodkin Arrow
31:00 Padded Archer Armor
31:35 Two-Handed Swordsman
32:48 Plate Mail Armor
33:18 Blast Furnace
34:06 Gambesons
34:42 Gambesons
37:01 Fortified Wall
37:13 Ballistics
ShootingDutchman
11:00 Feudal Age
12:09 Double-Bit Axe
14:59 Castle Age
13:46 Horse Collar
19:14 Wheelbarrow
24:38 Loom
25:31 Padded Archer Armor
27:09 Bloodlines
31:26 Imperial Age
29:23 Husbandry
29:46 Town Watch
30:45 Forging
31:46 Heavy Plow
32:30 Ballistics
31:36 Cavalier
33:22 Bow Saw
33:49 Scale Barding Armor
34:53 Iron Casting
36:18 Chain Barding Armor
38:00 Hand Cart
39:07 Plate Barding Armor
38:53 Fortified Wall
shortsnorter
10:33 Feudal Age
14:54 Castle Age
13:18 Double-Bit Axe
13:46 Horse Collar
15:55 Loom
16:47 Wheelbarrow
23:07 Elite Skirmisher
24:04 Fletching
24:31 Bow Saw
26:19 Ballistics
27:18 Chemistry
33:00 Imperial Age
34:51 Bodkin Arrow
36:13 Bracer
37:46 Conscription
39:18 Fortified Wall
39:04 Murder Holes
Zero aspettative
11:13 Feudal Age
14:50 Castle Age
14:08 Double-Bit Axe
15:10 Gold Mining
24:42 Wheelbarrow
24:03 Horse Collar
26:53 Fletching
34:09 Bodkin Arrow
34:15 Padded Archer Armor
34:34 Crossbowman
36:13 Scale Barding Armor
36:43 Forging
36:50 Bloodlines
36:40 Husbandry
36:26 Light Cavalry
37:30 Chain Barding Armor
38:45 Iron Casting
43:40 Heavy Plow
43:52 Bow Saw
44:28 Leather Archer Armor
46:42 Thumb Ring
Final_Tidus
8:55 Loom
11:15 Feudal Age
15:10 Castle Age
17:00 Fletching
26:43 Imperial Age
24:48 Double-Bit Axe
26:27 Bow Saw
26:21 Gold Mining
29:02 Chemistry
32:53 Wheelbarrow
35:16 Two-Man Saw
33:58 Horse Collar
34:51 Bodkin Arrow
34:57 Padded Archer Armor
36:11 Bracer
36:29 Hand Cart
36:55 Heavy Plow
38:02 Leather Archer Armor
39:06 Thumb Ring
46:30 Spies/Treason
Knightgenny_ITA
7:39 Loom
9:02 Loom
11:39 Feudal Age
12:23 Horse Collar
15:34 Castle Age
14:46 Double-Bit Axe
22:11 Wheelbarrow
28:20 Imperial Age
26:15 Gold Mining
26:39 Bow Saw
27:04 Forging
26:54 Scale Mail Armor
28:29 Iron Casting
28:36 Hand Cart
29:30 Chain Mail Armor
30:51 Arson
31:07 Squires
30:37 Elite Varangian Guard
33:21 Blast Furnace
34:46 Plate Mail Armor
34:23 Gothikon
40:08 Fletching
40:18 Padded Archer Armor
40:13 Gambesons
40:21 Stone Mining
Zendevaste
10:09 Feudal Age
8:32 Loom
13:36 Castle Age
13:32 Double-Bit Axe
13:30 Horse Collar
29:16 Bow Saw
29:09 Heavy Plow
30:57 Wheelbarrow
30:08 Town Watch
35:14 Imperial Age
36:36 Hand Cart
36:43 Stone Mining
36:44 Gold Mining
38:33 Fletching
39:25 Forging
38:57 Light Cavalry
39:48 Bloodlines
39:39 Husbandry
39:48 Scale Barding Armor
39:40 Bodkin Arrow
40:47 Chemistry
40:07 Ballistics
39:52 Hussar
40:54 Chain Barding Armor
41:10 Iron Casting
42:35 Plate Barding Armor
43:01 Blast Furnace
42:03 Bracer
45:16 Scale Mail Armor
45:16 Padded Archer Armor
45:38 Supremacy
45:38 Conscription
45:14 Elite Conquistador
45:30 Spies/Treason
47:13 Inquisition
47:49 Hoardings
46:45 Sappers
47:37 Bombard Tower
47:28 Fortified Wall
47:25 Murder Holes
47:40 Masonry
Connection lost

Rejoining the realm…

Still unreachable

The connection could not be restored.

Session expired

The server has moved on; the page needs a fresh start.